 Dungeon Crawl Stone Soup version 0.24.0-125-gc4c63601f3 (webtiles) character file.

Game seed: 17020377050094656237, levelgen mode: deterministic

6946 Frank2 the Basher (level 10, -9/77 HPs)
             Began as a Demonspawn Gladiator on Mar 11, 2020.
             Was a Follower of Ashenzari.
             Mangled by a two-headed ogre
             ... wielding a +0 giant spiked club
              (12 damage)
             ... on level 10 of the Dungeon.
             The game lasted 00:17:18 (9807 turns).

Frank2 the Basher (Demonspawn Gladiator)            Turns: 9807, Time: 00:17:19

Health: -9/77      AC: 19    Str: 17    XL:     10   Next: 80%
Magic:  15/15      EV: 10    Int: 10    God:    Ashenzari [*.....]
Gold:   294        SH:  0    Dex: 22    Spells: 9/9 levels left

rFire    + + .     SeeInvis +   a - +4 flail
rCold    + . .     Gourm    .   (no shield)
rNeg     . . .     Faith    .   j - +2 chain mail {rF+}
rPois    .         Spirit   .   (helmet unavailable)
rElec    .         Reflect  .   n - scarf {rC+ rF+}
rCorr    .         Harm     .   t - +2 pair of gloves {Str+3}
MR       .....                  (no boots)
Stlth    ..........             i - amulet of the acrobat
HPRegen  0.22/turn              g - ring of see invisible
MPRegen  0.14/turn              h - +4 ring of dexterity

@: no status effects
A: horns 3, iridescent scales 2, rot immunity
a: Curse Item, Scrying, Renounce Religion


You were on level 10 of the Dungeon.
You worshipped Ashenzari.
Ashenzari was aware of your devotion.
You were hungry.

You visited 2 branches of the dungeon, and saw 11 of its levels.

You collected 528 gold pieces.
You spent 234 gold pieces at shops.

Inventory:

Hand Weapons
 a - a +4 flail (weapon)
Armour
 j - a +2 chain mail of fire resistance (worn)
 n - a scarf of resistance (worn)
 t - a +2 pair of gloves of strength (worn)
Jewellery
 g - a ring of see invisible (left hand)
 h - a +4 ring of dexterity (right hand)
 i - an amulet of the acrobat (around neck)
 o - an uncursed ring of protection from fire
 p - a +3 ring of evasion
 s - an uncursed ring of protection from cold
Wands
 l - a wand of flame (5)
 q - a wand of acid (6)
 u - a wand of clouds (2)
Scrolls
 b - 2 scrolls of identify
 c - 2 scrolls of fog
 k - a scroll of amnesia
 m - 2 scrolls of magic mapping
 w - 3 scrolls of remove curse
 x - a scroll of teleportation
Potions
 e - a potion of haste
 v - a potion of ambrosia
Miscellaneous
 d - a box of beasts
Comestibles
 f - 16 rations


   Skills:
 + Level 6.7 Fighting
 + Level 10.1 Maces & Flails
 - Level 1.7 Throwing
 + Level 5.8 Armour
 + Level 5.4 Dodging
 * Level 7.2 Evocations


You had 9 spell levels left.
You didn't know any spells.
Your spell library contained the following spells:

 Spells                   Type           Power        Failure   Level  Hunger
 Animate Skeleton         Necr           N/A          99%         1    ##.....
 Apportation              Tloc           #.....       99%         1    ##.....
 Confusing Touch          Hex            #.....       99%         1    ##.....
 Magic Dart               Conj           #...         99%         1    ##.....
 Summon Small Mammal      Summ           #...         99%         1    ##.....
 Blink                    Tloc           N/A          100%        2    ###....
 Call Imp                 Summ           #.......     100%        2    ###....
 Slow                     Hex            #.......     100%        2    ###....
 Confuse                  Hex            #.......     100%        3    ####...
 Conjure Flame            Conj/Fire      #.......     100%        3    ####...
 Gell's Gravitas          Tloc           #.........   100%        3    ####...
 Mephitic Cloud           Conj/Pois/Air  #.......     100%        3    ####...
 Recall                   Summ/Tloc      N/A          100%        3    ####...
 Petrify                  Tmut/Erth      #.......     100%        4    #####..
 Bolt of Draining         Conj/Necr      #.........   100%        5    ######.
 Irradiate                Conj/Tmut      #.........   100%        5    ######.
 Metabolic Englaciation   Hex/Ice        #.........   100%        5    ######.
 Yara's Violent Unravell  Hex/Tmut       #.........   100%        5    ######.
 Conjure Ball Lightning   Conj/Air       #.........   100%        6    #######


Dungeon Overview and Level Annotations

Branches:
Dungeon (10/15)            Temple (1/1) D:7
   Lair: D:8-11         Orc: D:9-12

Altars:
Ashenzari
Cheibriados
Dithmenos
Elyvilon
Fedhas
Gozag
Hepliaklqana
Kikubaaqudgha
Makhleb
Nemelex Xobeh
Okawaru
Qazlal
Ru
Sif Muna
Trog
Uskayaw
Vehumet
Wu Jian
Xom
Yredelemnul
Zin
The Shining One

Shops:
D:4 [%!**   D:9 *


Innate Abilities, Weirdness & Mutations

You have a pair of large horns on your head.
You are mostly covered in iridescent scales. (AC +4)
You are immune to rotting.


Message History

You are too injured to fight recklessly!
You thump the unseen horror!
You headbutt the unseen horror, but do no damage.
The unseen horror is severely wounded.
The unseen horror hits you.
The two-headed ogre hits you but does no damage.
The two-headed ogre closely misses you.
Your chain mail prevents you from hitting the two-headed ogre.
The two-headed ogre is severely wounded.
The unseen horror hits you!
You hit the two-headed ogre.
The two-headed ogre is severely wounded.
The unseen horror closely misses you.
The two-headed ogre closely misses you. x2
You hit the two-headed ogre.
The two-headed ogre is almost dead.
The unseen horror barely misses you. x2
The two-headed ogre hits you with a +0 giant spiked club!!
* * * LOW HITPOINT WARNING * * *
The two-headed ogre hits you with a +0 giant spiked club!
You die...

............#
............#
............#
#...........#
#...........#
#..........#
#.....O....#
#>...x@....#
##.........#
#.........###
#............
#............
##...........
......#
#...########
#.....# #...#
#.....# #...#
#.....#


You could see a two-headed ogre and an unseen horror (invisible).

Vanquished Creatures
  Pikel (D:6)
  A centaur zombie (D:10)
  Joseph (D:9)
  2 trolls
  The ghost of Loxlax the Basher, an amateur MiFi (D:7)
  A hornet (D:9)
  Grinder (D:6)
  2 hippogriffs
  5 yaks (D:10)
  A soldier ant (D:9)
  A water moccasin (D:6)
  Edmund (D:4)
  3 orc warriors
  2 phantoms (D:8)
  4 ice beasts
  3 sky beasts
  A black bear (D:7)
  An ogre (D:7)
  4 centaurs
  A necrophage (D:9)
  2 crocodiles
  3 bullfrogs
  A wyvern skeleton (D:8)
  3 scorpions
  4 crimson imps
  A bullfrog zombie (D:6)
  4 hounds
  5 orc priests
  A bullfrog skeleton (D:8)
  7 orc wizards
  3 iguanas
  5 worker ants
  2 hound skeletons
  A worker ant zombie (D:8)
  5 gnolls
  14 adders
  3 shadow imps
  2 adder zombies
  3 adder skeletons
  5 worms
  A dart slug (D:1)
  4 leopard geckos
  19 orcs
  4 bats
  5 giant cockroaches
  12 hobgoblins
  10 jackals
  3 quokkas
  5 frilled lizards
  3 goblins
  7 kobolds
  A leopard gecko skeleton (D:6)
  11 rats
196 creatures vanquished.

Notes
Turn   | Place    | Note
-------+----------+-------------------------------------------
     0 | D:1      | Frank2 the Demonspawn Gladiator began the quest for the
                  | Orb.
     0 | D:1      | Reached XP level 1. HP: 16/16 MP: 1/1
   355 | D:1      | Reached skill level 3 in Maces & Flails
   355 | D:1      | Gained mutation: You have a pair of small horns on your
                  | head. [demonic ancestry]
   355 | D:1      | Reached XP level 2. HP: 21/22 MP: 2/2
   968 | D:2      | Gained mutation: You have a pair of horns on your head.
                  | [demonic ancestry]
   968 | D:2      | Reached XP level 3. HP: 26/27 MP: 3/3
  1116 | D:2      | Noticed a crocodile
  1118 | D:2      | Found a transporter.
  1187 | D:2      | Found a transporter.
  1190 | D:2      | Found a hide-covered altar of Uskayaw.
  1472 | D:2      | Found an opulent altar of Gozag.
  1564 | D:2      | Reached XP level 4. HP: 34/34 MP: 4/4
  1772 | D:3      | Reached skill level 1 in Armour
  2390 | D:3      | Found a shimmering blue altar of Sif Muna.
  2621 | D:4      | Found Diamer's General Store.
  2634 | D:4      | Reached skill level 4 in Maces & Flails
  2634 | D:4      | Reached XP level 5. HP: 16/39 MP: 5/5
  2641 | D:4      | Bought a cursed +0 cloak for 19 gold pieces
  2943 | D:4      | Found a sacrificial altar of Ru.
  3001 | D:4      | Noticed Edmund
  3033 | D:4      | Reached skill level 1 in Evocations
  3183 | D:4      | Killed Edmund
  3183 | D:4      | Reached XP level 6. HP: 43/47 MP: 5/7
  3221 | D:4      | Found Xabewn's Assorted Antiques.
  3330 | D:4      | Reached skill level 5 in Maces & Flails
  3434 | D:4      | Found Hoekhi's Food Emporium.
  3477 | D:4      | Found Tyedes's Distillery.
  3579 | D:4      | Found Gukk's Armour Emporium.
  3584 | D:4      | Bought a +2 pair of gloves of strength for 215 gold pieces
  3640 | D:5      | Entered Level 5 of the Dungeon
  3712 | D:5      | Gained mutation: You have a pair of large horns on your
                  | head. [demonic ancestry]
  3712 | D:5      | Reached XP level 7. HP: 4/52 MP: 8/8
  3723 | D:5      | HP: 2/52 [poisoned by an adder]
  4535 | D:5      | Found a bloodstained altar of Trog.
  4713 | D:5      | Found a stormy altar of Qazlal.
  4985 | D:6      | Reached skill level 6 in Maces & Flails
  4985 | D:6      | Gained mutation: You are immune to rotting. [demonic
                  | ancestry]
  4985 | D:6      | Reached XP level 8. HP: 54/60 MP: 10/10
  5027 | D:6      | Noticed Grinder
  5035 | D:6      | Killed Grinder
  5056 | D:6      | Noticed Pikel
  5058 | D:6      | Found an ornate altar of the Wu Jian Council.
  5083 | D:6      | Killed Pikel
  5093 | D:6      | Found a glowing golden altar of the Shining One.
  5226 | D:6      | Reached skill level 7 in Maces & Flails
  5384 | D:6      | Found a snail-covered altar of Cheibriados.
  6303 | D:7      | Noticed a hippogriff
  6311 | D:7      | Noticed Loxlax's ghost (amateur MiFi)
  6322 | D:7      | Gained mutation: You are partially covered in iridescent
                  | scales. (AC +2) [demonic ancestry]
  6322 | D:7      | Reached XP level 9. HP: 58/65 MP: 12/12
  6373 | D:7      | Found a transporter.
  6374 | D:7      | Found a transporter.
  6464 | D:7      | Found a staircase to the Ecumenical Temple.
  6858 | Temple   | Entered the Ecumenical Temple
  7065 | Temple   | Became a worshipper of Ashenzari the Shackled
  7146 | D:8      | Identified the Incunabulum of the Destructive Traveller
  7172 | D:8      | Reached skill level 5 in Evocations
  7249 | D:8      | Reached skill level 8 in Maces & Flails
  7329 | D:8      | Reached skill level 5 in Fighting
  7597 | D:8      | Reached skill level 5 in Dodging
  7844 | D:9      | Noticed a troll
  7853 | D:9      | Killed a troll
  7876 | D:9      | Reached skill level 5 in Armour
  8089 | D:9      | Noticed Joseph
  8139 | D:9      | Killed Joseph
  8139 | D:9      | Reached skill level 9 in Maces & Flails
  8139 | D:9      | Gained mutation: You are mostly covered in iridescent
                  | scales. (AC +4) [demonic ancestry]
  8139 | D:9      | Reached XP level 10. HP: 64/74 MP: 14/14
  8281 | D:9      | Paralysed by a hornet for 1 turns
  8577 | D:9      | Found Zin's Purification Station.
  8583 | D:9      | Found a glowing silver altar of Zin.
  8799 | D:9      | Reached * piety under Ashenzari
  8984 | D:10     | Entered Level 10 of the Dungeon
  9164 | D:7      | Killed Loxlax's ghost
  9317 | D:10     | Reached skill level 10 in Maces & Flails
  9788 | D:10     | Noticed an unseen horror
  9793 | D:10     | Noticed a two-headed ogre
  9807 | D:10     | HP: 3/77 [two-headed ogre/+0 giant spiked club (23)]
  9807 | D:10     | Mangled by a two-headed ogre

Levels and vault maps discovered:
D:1:      minmay_arrival_pointy, layout_loops_corners
D:2:      layout_loops_ring, grunt_gozag_breadcrumbs,
          gammafunk_temple_overflow_arena, st_stairs_9, minmay_distorted
D:3:      layout_loops_corners, marbit_many_paths, first_ration
D:4:      layout_cave_pools, nicolae_ru_great_annihilating_truth, serial_shops,
          nicolae_shop_behind_doors, shop_fountains, kennysheep_little_box,
          nicolae_shop_window_shopping, nicolae_shop_overgrown_old_shop,
          uniq_edmund
D:5:      cheibrodos_quashed, layout_basic, nicolae_overflow_hidden_temple,
          trog_book
D:6:      layout_basic, cheibrodos_worm_habitat,
          chequers_temple_overflow_statue_of_worship, uniq_grinder, uniq_pikel
D:7:      layout_basic, minmay_temple_entry_sparse_star, gammafunk_ghost_arena
D:8:      layout_rooms, serial_curves, eino_curves_03, eino_curves_04,
          eino_curves_03
D:9:      layout_long_grid, zin_purify, hangedman_pestilent_swarm,
          minmay_sticks_and_stones
D:10:     kennysheep_spiral_hall, layout_irregular_city
Temple:   hc_temple_tempest_star

Skill      XL: |  1  2  3  4  5  6  7  8  9 10 |
---------------+-------------------------------+-----
Maces & Flails | 3 4 5 6 7 9 10 | 10.1
Dodging        | 3 4 5 |  5.4
Armour         | 1 2 3 4 5 |  5.8
Evocations     | 1 2 3 4 6 7 |  7.2
Fighting       | 3 4 5 6 |  6.7
Throwing       | |  1.7

Action                   |  1- 3 |  4- 6 |  7- 9 | 10-12 || total
-------------------------+-------+-------+-------+-------++-------
Melee: Flail             |   114 |   170 |   358 |   168 ||   810
       Headbutt          |    12 |    31 |    79 |    50 ||   172
Throw: Throwing net      |       |     3 |       |       ||     3
Evoke: Wand              |       |       |     1 |     1 ||     2
  Use: Scroll            |     1 |    11 |    10 |     1 ||    23
       Potion            |       |     7 |     2 |     1 ||    10
 Stab: Invisible         |       |     4 |       |       ||     4
       Held in net/web   |       |     2 |       |       ||     2
  Eat: Chunk             |     1 |     7 |    12 |     5 ||    25
       Ration            |       |       |     1 |       ||     1
Armor: Leather armour    |    10 |       |       |       ||    10
       Ring mail         |    26 |    61 |    74 |       ||   161
       Chain mail        |       |       |    28 |    78 ||   106
Dodge: Dodged            |    77 |   134 |   272 |    98 ||   581
